 Dungeon Sprint DCSS version 0.19-a0-1886-gd64a0f0 (webtiles) character file.

19028 poirepourri the Slayer (level 12, 0/131 (136) HPs)
             Began as a Minotaur Fighter on Oct 15, 2016.
             Was the Champion of Qazlal.
             Slain by a necrophage (2 damage)
             ... in the Dungeon (Sprint I: "Red Sonja").
             The game lasted 00:09:56 (4199 turns).

poirepourri the Slayer (Minotaur Fighter)           Turns: 4199, Time: 00:09:57

HP:   0/131 (136)   AC:  6    Str: 29    XL:     12   Next: 32%
MP:   16/16         EV: 15    Int:  5    God:    Qazlal [******]
Gold: 880           SH: 22    Dex: 10    Spells: 0 memorised, 11 levels left

rFire  . . .     SeeInvis .     a - +0 war axe
rCold  + . .     Gourm    .     f - +3 scale mail {rF+}
rNeg   . . .     Faith    .     c - +0 shield
rPois  +         Spirit   .     (helmet restricted)
rElec  .         Dismiss  .     g - +0 cloak {rPois}
rCorr  .         Reflect  .     (no gloves)
MR     .....     Harm     .     l - +0 pair of boots
Stlth  .......... NoTele   +    (no amulet)
                                (no ring)
                                m - ring "Zyedemaaji" {Ice -Tele +Inv rPois}

@: mighty, corroded, fainting, repel missiles
A: retaliatory headbutt, horns 2, yellow scales 1, blurry vision 1, clumsy 1,
deformed body, subdued magic 1
a: Upheaval, Elemental Force, Disaster Area, Renounce Religion, Evoke
Invisibility


You were in the Dungeon.
You worshipped Qazlal.
Qazlal was exalted by your worship.
You were fainting.

You visited 1 branch You collected 1311 gold pieces.
You spent 431 gold pieces at shops.

Inventory:

Hand Weapons
 a - a +0 war axe (weapon)
Armour
 c - a +0 shield (worn)
 f - a +3 scale mail of fire resistance (worn)
 g - a +0 cloak of poison resistance (worn)
 l - a +0 pair of boots (worn)
Jewellery
 m - the ring "Zyedemaaji" (left hand) {Ice -Tele +Inv rPois}
   (You found it in the Dungeon)

   [ring of ice]

   It enhances your ice magic.
   It makes you vulnerable to fire.
   It protects you from cold.
   It protects you from poison.
   It lets you turn invisible.
   It prevents most forms of teleportation.
Wands
 j - a wand of teleportation (6/9)
Scrolls
 d - a scroll of enchant weapon {unknown}
 k - a scroll of blinking
Potions
 b - a potion of invisibility {unknown}


   Skills:
 + Level 21.2 Fighting
 + Level 18.7 Axes
 + Level 11.3 Armour
 + Level 12.0 Dodging
 + Level 13.2 Shields
 + Level 7.5 Invocations
 - Level 4.1 Evocations


You had 11 spell levels left.
You didn't know any spells.

Dungeon Overview and Level Annotations

Branches:
Dungeon (1/1)

Altars:
Cheibriados
Dithmenos
Elyvilon
Fedhas
Gozag
Hepliaklqana
Kikubaaqudgha
Makhleb
Nemelex Xobeh
Okawaru
Qazlal
Ru
Sif Muna
Trog
Uskayaw
Vehumet
Xom
Yredelemnul
Zin
The Shining One
Jiyva
Lugonu

Shops:
D [[:**[[


Innate Abilities, Weirdness & Mutations

You reflexively headbutt those who attack you in melee.
You have a pair of horns on your head.
You are partially covered in yellow scales. (AC +2)
Scrolls take you a little longer to read.
You are clumsy. (Dex -2)
Armour fits poorly on your strangely shaped body.
Your spells are a little easier to cast, but a little less powerful.


Message History

You destroy the necrophage!
Qazlal accepts your kill.
Your Dodging skill increases to level 12!
You slash the necrophage!
The necrophage is heavily damaged.
You slash the necrophage! x2; You slice the necrophage!!
You block the necrophage's attack. x3
Unknown command.
Your unstable footing causes you to fumble your attack.
You block the necrophage's attack. x2
The necrophage splashes around in the water.
You slice the necrophage!!
You destroy the necrophage!
Qazlal accepts your kill.
You hit the necrophage but do no damage.
You slash the necrophage!
You hit the necrophage but do no damage.
You closely miss the necrophage. You block the necrophage's attack. x2
The necrophage hits you.
You die...

######.####'###)###§#.§##*,,**#..
....'[).'.....'.∩##.#..#***,,*##.
'####...###########§#*+*,,*,,*,##
..####.###......§##§#*,*,,,,,,,,,
...#.#'#.#.......§'.#***,,,,,,,,,
...#.....#...######§#,,+,,,,,,***
...#.(.[.#.......§#§#****,,,***,,
#..#######....§nJ#§§#,,,*****,,,#
...#*,,,,......n@####,,,,,,,,,***
...#*,,,,.....nnn#*,,,,,,,*****,,
...#**,,,....≈§≈##*,,,,,,**,,,,,,
'### ***,.≈≈≈≈##* *,,,,,**,,,,,,,
..∩#***+*#####+****,,,,,*,,,,,,,,
...#*∩∩********∩∩************,,,,
..∩#**∩∩∩∩∩∩∩∩∩∩***≈≈≈≈≈≈≈≈,*,,,,
#### ************ ***********,,,,
*,,,,,+,,,,,,,,


You could see 5 necrophages and a jelly.

Vanquished Creatures
  A deep elf annihilator (D)
  A hydra (D)
  2 centaur warriors (D)
  Sonja (D)
  7 unseen horrors (D)
  A deep troll (D)
  A lindwurm (D)
  An oklob plant (D)
  8 shining eyes (D)
  2 sirens (D)
  A gargoyle (D)
  2 kobold demonologists (D)
  4 demonic crawlers (D)
  A hellwing (D)
  5 hornets (D)
  A slime creature (D)
  2 redbacks (D)
  Sigmund (D)
  A yak (D)
  13 hogs (D)
  7 floating eyes (D)
  2 necrophages (D)
  An ogre (D)
  7 jellies (D)
  Ijyb (D)
  2 ballistomycetes (D)
  A ballistomycete spore (D)
77 creatures vanquished.

Vanquished Creatures (others)
  A gargoyle (D)
  A ballistomycete spore (D)
2 creatures vanquished.

Grand Total: 79 creatures vanquished

Notes
Turn   | Place    | Note
-------+----------+-------------------------------------------
     0 | D        | poirepourri the Minotaur Fighter began the quest for the Orb.
     0 | D        | Reached XP level 1. HP: 19/19 MP: 0/0
     2 | D        | Noticed Ijyb
    16 | D        | Killed Ijyb
    16 | D        | Reached skill level 7 in Fighting
    16 | D        | Reached XP level 2. HP: 21/34 MP: 1/1
   129 | D        | Noticed an ogre
   131 | D        | Killed an ogre
   131 | D        | Reached skill level 10 in Fighting
   131 | D        | Reached XP level 3. HP: 34/46 MP: 2/2
   131 | D        | Reached XP level 4. HP: 39/52 MP: 3/3
   210 | D        | Noticed Sigmund
   220 | D        | Killed Sigmund
   220 | D        | Reached skill level 13 in Fighting
   220 | D        | Reached skill level 1 in Dodging
   220 | D        | Reached XP level 5. HP: 26/64 MP: 4/4
   550 | D        | Found a deep blue altar of Sif Muna.
   552 | D        | Found a radiant altar of Vehumet.
   556 | D        | Reached XP level 6. HP: 70/72 MP: 5/5
   568 | D        | Got a warped copper ring
   569 | D        | Identified the ring "Zyedemaaji" {Ice -Tele +Inv rPois} (You found it in the Dungeon)
   591 | D        | Found Moso's Assorted Antiques.
   591 | D        | Found an ancient bone altar of Kikubaaqudgha.
   591 | D        | Found a hazy altar of Hepliaklqana.
   591 | D        | Found a stormy altar of Qazlal.
   591 | D        | Found a hide-covered altar of Uskayaw.
   591 | D        | Found a blossoming altar of Fedhas.
   591 | D        | Found a bloodstained altar of Trog.
   591 | D        | Found an iron altar of Okawaru.
   591 | D        | Found a basalt altar of Yredelemnul.
   591 | D        | Found a glowing golden altar of the Shining One.
   591 | D        | Found a snail-covered altar of Cheibriados.
   591 | D        | Found a sacrificial altar of Ru.
   591 | D        | Found a glowing silver altar of Zin.
   591 | D        | Found a shadowy altar of Dithmenos.
   591 | D        | Found a white marble altar of Elyvilon.
   591 | D        | Noticed a yak
   593 | D        | Killed a yak
   593 | D        | Reached skill level 14 in Fighting
   594 | D        | Found an opulent altar of Gozag.
   595 | D        | Found a sparkling altar of Nemelex Xobeh.
   610 | D        | Became a worshipper of Qazlal Stormbringer
   623 | D        | Found a burning altar of Makhleb.
   623 | D        | Found a viscous altar of Jiyva.
   623 | D        | Found a shimmering altar of Xom.
   623 | D        | Found a corrupted altar of Lugonu.
   623 | D        | Noticed a slime creature
   631 | D        | Killed a slime creature
   631 | D        | Reached skill level 15 in Fighting
   631 | D        | Reached XP level 7. HP: 52/83 MP: 6/6
   779 | D        | Noticed Sonja
   788 | D        | Killed Sonja
   788 | D        | Reached skill level 16 in Fighting
   788 | D        | Reached skill level 1 in Evocations
   788 | D        | Reached XP level 8. HP: 27/94 MP: 5/8
  1062 | D        | Found Ylopetot's Armour Boutique.
  1070 | D        | Bought a +3 scale mail of fire resistance for 312 gold pieces
  1093 | D        | Noticed a deep troll
  1101 | D        | Killed a deep troll
  1101 | D        | Reached * piety under Qazlal
  1101 | D        | Reached skill level 17 in Fighting
  1111 | D        | Found Tarer's Armour Emporium.
  1366 | D        | Bought a +0 cloak of poison resistance for 119 gold pieces
  1431 | D        | Noticed a kobold demonologist
  1432 | D        | Noticed a kobold demonologist
  1434 | D        | Reached skill level 5 in Dodging
  1442 | D        | Killed a kobold demonologist
  1442 | D        | Reached XP level 9. HP: 100/104 MP: 8/10
  1443 | D        | Killed a kobold demonologist
  1443 | D        | Reached ** piety under Qazlal
  1443 | D        | Reached skill level 18 in Fighting
  1460 | D        | Noticed a demonic crawler
  1460 | D        | Noticed a demonic crawler
  1460 | D        | Noticed a demonic crawler
  1460 | D        | Noticed a demonic crawler
  1472 | D        | Killed a demonic crawler
  1473 | D        | Killed a demonic crawler
  1505 | D        | Killed a demonic crawler
  1508 | D        | Killed a demonic crawler
  1508 | D        | Reached *** piety under Qazlal
  1508 | D        | Reached skill level 15 in Axes
  1546 | D        | Noticed a centaur warrior
  1558 | D        | Killed a centaur warrior
  1558 | D        | Reached XP level 10. HP: 23/114 MP: 11/11
  1881 | D        | Noticed a centaur warrior
  1891 | D        | Killed a centaur warrior
  1891 | D        | Reached skill level 19 in Fighting
  2025 | D        | Noticed a gargoyle
  2033 | D        | Killed a gargoyle
  2079 | D        | Reached **** piety under Qazlal
  2093 | D        | Noticed an oklob plant
  2100 | D        | Killed an oklob plant
  2263 | D        | Reached skill level 1 in Invocations
  2271 | D        | Reached skill level 5 in Shields
  2356 | D        | Killed an unseen horror
  2356 | D        | Reached skill level 5 in Armour
  2370 | D        | Killed an unseen horror
  2540 | D        | Noticed a lindwurm
  2548 | D        | Killed a lindwurm
  2599 | D        | Reached ***** piety under Qazlal
  2599 | D        | Reached XP level 11. HP: 116/124 MP: 13/13
  2606 | D        | Reached skill level 20 in Fighting
  2735 | D        | Noticed a daeva
  2736 | D        | Noticed an unseen horror
  2740 | D        | Killed an unseen horror
  2750 | D        | Noticed a 12-headed hydra
  2758 | D        | Reached ****** piety under Qazlal
  2774 | D        | Killed a 13-headed hydra
  3182 | D        | Reached skill level 10 in Dodging
  3185 | D        | Noticed a deep elf annihilator
  3206 | D        | Reached skill level 10 in Shields
  3206 | D        | Reached skill level 5 in Invocations
  3308 | D        | Killed a deep elf annihilator
  3321 | D        | Noticed a mummy priest
  3455 | D        | Noticed an unseen horror
  3458 | D        | Killed an unseen horror
  3463 | D        | Noticed an unseen horror
  3465 | D        | Noticed an unseen horror
  3476 | D        | Killed an unseen horror
  3476 | D        | Reached skill level 10 in Armour
  3488 | D        | Killed an unseen horror
  3522 | D        | Noticed an unseen horror
  3528 | D        | Killed an unseen horror
  4033 | D        | Noticed a shining eye
  4033 | D        | Noticed a shining eye
  4033 | D        | Noticed a shining eye
  4035 | D        | Paralysed by a floating eye for 4 turns
  4041 | D        | Noticed a shining eye
  4042 | D        | Noticed a shining eye
  4042 | D        | Paralysed by a floating eye for 2 turns
  4048 | D        | Reached XP level 12. HP: 134/134 MP: 16/16
  4055 | D        | Paralysed by a floating eye for 4 turns
  4067 | D        | Paralysed by a floating eye for 3 turns
  4073 | D        | Gained mutation: Your spells are a little easier to cast, but a little less powerful. [a shining eye]
  4076 | D        | Gained mutation: You are partially covered in yellow scales. (AC +2) [a shining eye]
  4079 | D        | Gained mutation: You are clumsy. (Dex -2) [a shining eye]
  4084 | D        | Gained mutation: Scrolls take you a little longer to read. [a shining eye]
  4085 | D        | Reached skill level 21 in Fighting
  4085 | D        | Gained mutation: Armour fits poorly on your strangely shaped body. [a shining eye]
  4102 | D        | Found Woetz's Assorted Antiques.
  4102 | D        | Found Toosuser's Armour Shoppe.
  4102 | D        | Found Wuzycir's Antique Armour Boutique.
  4102 | D        | Found Woffuud's Book Emporium.
  4175 | D        | Paralysed by fainting for 10 turns
  4190 | D        | Paralysed by fainting for 5 turns
  4193 | D        | HP: 5/132 [necrophage (5)]
  4195 | D        | HP: 1/131 [necrophage (3)]
  4199 | D        | Slain by a necrophage

Vault maps used:
D:        dungeon_sprint_1

Skill      XL: |  1  2  3  4  5  6  7  8  9 10 11 12 |
---------------+-------------------------------------+-----
Fighting       | 7 10 13 15 16 17 18 19 20 21 | 21.2
Axes           | 3 4 6 9 11 13 15 17 18 | 18.7
Dodging        | 1 2 3 5 7 9 11 12 | 12.0
Evocations     | 1 2 3 4 |  4.1
Armour         | 7 10 11 | 11.3
Shields        | 7 11 13 | 13.2
Invocations    | 2 7 |  7.5

Action                   |  1- 3 |  4- 6 |  7- 9 | 10-12 || total
-------------------------+-------+-------+-------+-------++-------
Melee: War axe           |    15 |    16 |    52 |   219 ||   302
       Headbutt          |     4 |     6 |     8 |    56 ||    74
Invok: Upheaval          |       |       |       |    17 ||    17
       Disaster Area     |       |       |       |     1 ||     1
 Abil: Evoke Invisibilit |       |       |     1 |       ||     1
  Use: Scroll            |       |     1 |       |     1 ||     2
       Potion            |       |       |     6 |     5 ||    11
  Eat: Bread ration      |       |       |     1 |       ||     1
       Chunk             |       |       |       |     4 ||     4
Armor: Scale mail        |     5 |     4 |    44 |   104 ||   157
Dodge: Dodged            |     1 |     4 |    49 |   102 ||   156
       Deflected         |       |       |       |     1 ||     1
Block: Shield            |     7 |     7 |    61 |   181 ||   256
